AA
MONCTON MOHAWKS @ HARRISBURG CAPITALS
04/15/2060
 
TOP OF THE 1ST
Calgary Cowboys batting - Pitching for Bar Harbor Islanders : LHP Dwaun Ahverdov
Pitching: LHP Dwaun Ahverdov
Batting: RHB Jeff DeLong 0-0: SINGLE (Groundball, 25, EV 73.8 MPH) (infield hit)
Batting: RHB M.J. McCaslin 0-0: Called Strike
0-1: Fly out, F8 (Flyball, 8RM, EV 96.2 MPH)
Batting: LHB Stavian Adjeng 0-0: Foul Ball, location: 2F
0-1: Fly out, F8 (Flyball, 8LD, EV 86.2 MPH)
Batting: SHB Blake Humphrey 0-0: Called Strike
0-1: Ball
1-1: Fielders Choice at 2nd, 6-4 (Groundball, 6, EV 80.0 MPH)
Top of the 1st over - 0 runs, 1 hit, 0 errors, 1 left on base; Calgary 0 - Bar Harbor 0
BOTTOM OF THE 1ST
Bar Harbor Islanders batting - Pitching for Calgary Cowboys : RHP Ralph Michelson
Pitching: RHP Ralph Michelson
Batting: RHB Jaxon King 0-0: Called Strike
0-1: Ball
1-1: Ball
2-1: Ball
3-1: Fly out, F3 (Popup, 3SF, EV 76.2 MPH)
Batting: RHB Chance Maki 0-0: Ball
1-0: Called Strike
1-1: Swinging Strike
1-2: Ball
2-2: Ball
3-2: Base on Balls
Batting: LHB Jeremy Morrell 0-0: Called Strike
0-1: Ball
1-1: Called Strike
1-2: Foul Ball, location: 2F
1-2: SINGLE (Line Drive, 4M, EV 95.6 MPH)
Chance Maki to second
Batting: LHB Quince Azariev 0-0: Ball
1-0: SINGLE (Line Drive, 4D, EV 95.0 MPH)
Chance Maki to third
Jeremy Morrell to second
Batting: LHB Gibson Frantz 0-0: Ball
1-0: Called Strike
1-1: Foul Ball, location: 2F
1-2: Strikes out swinging
Batting: SHB Art Villani 0-0: Called Strike
0-1: Ball
Wild Pitch!
Chance Maki scores
Jeremy Morrell to third
Quince Azariev to second
1-1: Foul Ball, location: 2F
1-2: Ball
2-2: Fly out, F7 (Flyball, 78M, EV 85.6 MPH)
Bottom of the 1st over - 1 run, 2 hits, 0 errors, 2 left on base; Calgary 0 - Bar Harbor 1
TOP OF THE 2ND
Calgary Cowboys batting - Pitching for Bar Harbor Islanders : LHP Dwaun Ahverdov
Batting: LHB Cole Tester 0-0: Swinging Strike
0-1: Ball
1-1: Foul Ball, location: 2F
1-2: Ball
2-2: Ball
3-2: Strikes out swinging
Batting: RHB Trent Gianopulos 0-0: Called Strike
0-1: Called Strike
0-2: Foul Ball, location: 2F
0-2: Strikes out swinging
Batting: RHB Larry Blachowicz 0-0: Called Strike
0-1: Ball
1-1: Foul Ball, location: 2F
1-2: Ball
2-2: Ball
3-2: Foul Ball, location: 2F
3-2: SOLO HOME RUN (Flyball, 78XD, EV 107.5 MPH), Distance : 427 ft
Batting: RHB Houston Abercrombie 0-0: Ball
1-0: Foul Ball, location: 2F
1-1: Ground out 5-3 (Groundball, 56, EV 106.9 MPH)
Top of the 2nd over - 1 run, 1 hit, 0 errors, 0 left on base; Calgary 1 - Bar Harbor 1
BOTTOM OF THE 2ND
Bar Harbor Islanders batting - Pitching for Calgary Cowboys : RHP Ralph Michelson
Batting: RHB Andy Mandeville 0-0: Called Strike
0-1: Fly out, F9 (Flyball, 9, EV 73.1 MPH)
Batting: RHB Gaven Robinson 0-0: Ball
1-0: Foul Ball, location: 2F
1-1: Swinging Strike
1-2: Ball
2-2: Reached on error, E4 (Groundball, 4, EV 83.8 MPH)
Batting: RHB Tim McClure 0-0: Ball
1-0: Called Strike
1-1: Ball
2-1: Ground out 6-3 (Groundball, 6, EV 79.4 MPH)
Batting: RHB Jaxon King 0-0: Called Strike
0-1: Ball
1-1: Ball
2-1: Ball
3-1: Ground out 5-3 (Groundball, 5, EV 102.5 MPH)
Bottom of the 2nd over - 0 runs, 0 hits, 1 error, 1 left on base; Calgary 1 - Bar Harbor 1
TOP OF THE 3RD
Calgary Cowboys batting - Pitching for Bar Harbor Islanders : LHP Dwaun Ahverdov
Batting: RHB Lanny Suharto 0-0: Ball
1-0: Foul Ball, location: 2F
1-1: Ball
2-1: Foul Ball, location: 2F
2-2: Foul Ball, location: 2F
2-2: Foul Ball, location: 2F
2-2: Foul Ball, location: 2F
2-2: Ball
3-2: Strikes out swinging
Batting: RHB Jeff DeLong 0-0: Ball
1-0: Called Strike
1-1: Ball
SINGLE, rundown, safe at 1st
Batting: RHB M.J. McCaslin 0-0: Ground out 5-3 (Groundball, 56, EV 91.2 MPH)
Jeff DeLong to second
Batting: LHB Stavian Adjeng 0-0: Fly out, F7 (Line Drive, 7, EV 106.2 MPH)
Top of the 3rd over - 0 runs, 1 hit, 0 errors, 1 left on base; Calgary 1 - Bar Harbor 1
BOTTOM OF THE 3RD
Bar Harbor Islanders batting - Pitching for Calgary Cowboys : RHP Ralph Michelson
Batting: RHB Chance Maki 0-0: Ball
1-0: Ball
2-0: Foul Ball, location: 2F
2-1: Foul Ball, location: 2F
2-2: Foul Ball, location: 2F
2-2: Foul Ball, location: 2F
2-2: Foul Ball, location: 2F
2-2: Foul Ball, location: 2F
2-2: Ball
3-2: Fly out, F8 (Flyball, 8RD, EV 106.2 MPH)
Batting: LHB Jeremy Morrell 0-0: Ball
1-0: Called Strike
1-1: Ball
2-1: Ball
3-1: Base on Balls
Batting: LHB Quince Azariev 0-0: Foul Ball, location: 2F
0-1: Ball
1-1: Ball
2-1: TRIPLE (Flyball, 78XD, EV 102.5 MPH)
Jeremy Morrell scores
Batting: LHB Gibson Frantz 0-0: Swinging Strike
0-1: Foul Ball, location: 2F
0-2: Ball
1-2: Ball
2-2: Ground out 4-3 (Groundball, 4, EV 98.1 MPH)
Quince Azariev scores
Batting: SHB Art Villani 0-0: Ball
1-0: SOLO HOME RUN (Flyball, 9D, EV 95.0 MPH), Distance : 364 ft
Batting: RHB Andy Mandeville 0-0: Ball
1-0: DOUBLE (Flyball, 8LXD, EV 111.9 MPH)
Batting: RHB Gaven Robinson 0-0: Foul Ball, location: 2F
0-1: Foul Ball, location: 2F
0-2: Ball
Wild Pitch!
Andy Mandeville to third
1-2: Ball
2-2: Foul Ball, location: 2F
2-2: Ball
Balk!
Andy Mandeville scores
3-2: Base on Balls
Batting: RHB Tim McClure 0-0: Fly out, F8 (Flyball, 8RS, EV 91.9 MPH)
Bottom of the 3rd over - 4 runs, 3 hits, 0 errors, 1 left on base; Calgary 1 - Bar Harbor 5
TOP OF THE 4TH
Calgary Cowboys batting - Pitching for Bar Harbor Islanders : LHP Dwaun Ahverdov
Batting: SHB Blake Humphrey 0-0: Ball
1-0: Foul Ball, location: 2F
1-1: Ball
2-1: Swinging Strike
2-2: Foul Ball, location: 2F
2-2: Foul Ball, location: 2F
2-2: Foul Ball, location: 2F
2-2: Foul Ball, location: 2F
2-2: Fly out, F8 (Flyball, 8RD, EV 80.6 MPH)
Batting: LHB Cole Tester 0-0: Ground out 1-3 (Groundball, 13, EV 71.2 MPH)
Batting: RHB Trent Gianopulos 0-0: Called Strike
0-1: Ball
1-1: Ball
2-1: SOLO HOME RUN (Flyball, 78XD, EV 105.0 MPH), Distance : 412 ft
Batting: RHB Larry Blachowicz 0-0: Ball
1-0: Foul Ball, location: 2F
1-1: SINGLE (Groundball, 34D, EV 105.0 MPH)
Batting: RHB Houston Abercrombie 0-0: Called Strike
0-1: Ball
1-1: Ball
2-1: Ball
3-1: Swinging Strike
3-2: Strikes out swinging
Top of the 4th over - 1 run, 2 hits, 0 errors, 1 left on base; Calgary 2 - Bar Harbor 5
BOTTOM OF THE 4TH
Bar Harbor Islanders batting - Pitching for Calgary Cowboys : RHP Ralph Michelson
Batting: RHB Jaxon King 0-0: SINGLE (Groundball, 56D, EV 100.0 MPH)
Batting: RHB Chance Maki 0-0: Ball
Jaxon King is caught stealing 2nd base 2-4
1-0: Ball
2-0: Ball
3-0: Ground out U3 (Groundball, 3, EV 107.5 MPH)
Batting: LHB Jeremy Morrell 0-0: Ball
1-0: Ball
2-0: Foul Ball, location: 2F
2-1: Ground out U3 (Groundball, 3, EV 89.4 MPH)
Bottom of the 4th over - 0 runs, 1 hit, 0 errors, 0 left on base; Calgary 2 - Bar Harbor 5
TOP OF THE 5TH
Calgary Cowboys batting - Pitching for Bar Harbor Islanders : LHP Dwaun Ahverdov
Batting: RHB Lanny Suharto 0-0: Ball
1-0: Foul Ball, location: 2F
1-1: Foul Ball, location: 2F
1-2: Ground out 4-3 (Groundball, 4, EV 78.8 MPH)
Pitching: RHP Ryan Callen
Batting: RHB Jeff DeLong 0-0: Ball
1-0: Ball
2-0: Called Strike
2-1: Foul Ball, location: 2F
2-2: Ground out 6-3 (Groundball, 6, EV 88.8 MPH)
Batting: RHB M.J. McCaslin 0-0: Foul Ball, location: 2F
0-1: Ball
1-1: Foul Ball, location: 2F
1-2: Ball
2-2: Strikes out swinging
Top of the 5th over - 0 runs, 0 hits, 0 errors, 0 left on base; Calgary 2 - Bar Harbor 5
BOTTOM OF THE 5TH
Bar Harbor Islanders batting - Pitching for Calgary Cowboys : RHP Ralph Michelson
Batting: LHB Quince Azariev 0-0: Ball
1-0: Called Strike
1-1: Swinging Strike
1-2: Strikes out swinging
Batting: LHB Gibson Frantz 0-0: Ball
1-0: Foul Ball, location: 2F
1-1: Ball
2-1: Ball
3-1: SINGLE (Flyball, 7S, EV 86.9 MPH)
Pitching: RHP Skye Hanusek
Batting: SHB Art Villani 0-0: Ball
1-0: Ball
2-0: Foul Ball, location: 2F
2-1: Ball
3-1: Foul Ball, location: 2F
3-2: Base on Balls
Gibson Frantz to second
Batting: RHB Andy Mandeville 0-0: Ball
1-0: Ball
2-0: Fielders Choice at 2nd, 5-4 (Groundball, 56, EV 83.1 MPH)
Gibson Frantz to third
Batting: RHB Gaven Robinson 0-0: Called Strike
0-1: Ball
1-1: Ball
2-1: Ground out U3 (Groundball, 34S, EV 71.9 MPH)
Bottom of the 5th over - 0 runs, 1 hit, 0 errors, 2 left on base; Calgary 2 - Bar Harbor 5
TOP OF THE 6TH
Calgary Cowboys batting - Pitching for Bar Harbor Islanders : RHP Ryan Callen
Batting: LHB Stavian Adjeng 0-0: Ground out 4-3 (Groundball, 4M, EV 85.0 MPH)
Batting: SHB Blake Humphrey 0-0: Ball
1-0: Called Strike
1-1: Ground out 4-3 (Groundball, 4, EV 91.9 MPH)
Batting: LHB Cole Tester 0-0: Fly out, F4 (Flyball, 4MD, EV 85.6 MPH)
Top of the 6th over - 0 runs, 0 hits, 0 errors, 0 left on base; Calgary 2 - Bar Harbor 5
BOTTOM OF THE 6TH
Bar Harbor Islanders batting - Pitching for Calgary Cowboys : RHP Skye Hanusek
Batting: RHB Tim McClure 0-0: Ball
1-0: Called Strike
1-1: Ground out 4-3 (Groundball, 4S, EV 86.2 MPH)
Batting: RHB Jaxon King 0-0: Foul Ball, location: 2F
0-1: Foul Ball, location: 2F
0-2: Ball
1-2: Ball
2-2: Strikes out swinging
Batting: RHB Chance Maki 0-0: Ball
1-0: Called Strike
1-1: Ball
2-1: Called Strike
2-2: Foul Ball, location: 2F
2-2: Foul Ball, location: 2F
2-2: Ball
3-2: Ground out 4-3 (Groundball, 4, EV 81.2 MPH)
Bottom of the 6th over - 0 runs, 0 hits, 0 errors, 0 left on base; Calgary 2 - Bar Harbor 5
TOP OF THE 7TH
Calgary Cowboys batting - Pitching for Bar Harbor Islanders : RHP Ryan Callen
Now at 3B: Tim McClure
Now at SS: Zoltan Levchin
Batting: RHB Trent Gianopulos 0-0: Foul Ball, location: 2F
0-1: Fly out, F4 (Popup, 3S, EV 76.9 MPH)
Batting: RHB Larry Blachowicz 0-0: Called Strike
0-1: Foul Ball, location: 2F
0-2: Ball
1-2: Ball
2-2: Foul Ball, location: 2F
2-2: Ground out 5-3 (Groundball, 56, EV 87.5 MPH)
Batting: RHB Houston Abercrombie 0-0: Ball
1-0: Called Strike
1-1: Ball
2-1: Ball
3-1: Base on Balls
Batting: RHB Lanny Suharto 0-0: Ball
1-0: Swinging Strike
1-1: Foul Ball, location: 2F
1-2: Foul Ball, location: 2F
1-2: Fly out, F9 (Line Drive, 9LS, EV 96.9 MPH)
Top of the 7th over - 0 runs, 0 hits, 0 errors, 1 left on base; Calgary 2 - Bar Harbor 5
BOTTOM OF THE 7TH
Bar Harbor Islanders batting - Pitching for Calgary Cowboys : RHP Skye Hanusek
Batting: RHB Zoltan Levchin 0-0: Fly out, F9 (Flyball, 9, EV 81.9 MPH)
Batting: LHB Quince Azariev 0-0: Swinging Strike
0-1: SINGLE (Groundball, 34D, EV 104.4 MPH)
Batting: LHB Gibson Frantz 0-0: Ball
Quince Azariev steals 2nd, throwing error, E2
Quince Azariev to third
1-0: Foul Ball, location: 2F
1-1: Fly out, F4 (Popup, 3D, EV 74.4 MPH)
Batting: SHB Art Villani 0-0: Called Strike
0-1: Foul Ball, location: 2F
0-2: Ball
1-2: Strikes out swinging
Bottom of the 7th over - 0 runs, 1 hit, 1 error, 1 left on base; Calgary 2 - Bar Harbor 5
TOP OF THE 8TH
Calgary Cowboys batting - Pitching for Bar Harbor Islanders : RHP Ryan Callen
Batting: RHB Jeff DeLong 0-0: Called Strike
0-1: Ball
1-1: Ball
2-1: Ball
3-1: Swinging Strike
3-2: Strikes out swinging
Pinch Hitting: LHB Wyatt Ludwig 0-0: Called Strike
0-1: Foul Ball, location: 2F
0-2: Foul Ball, location: 2F
0-2: SINGLE (Groundball, 3D, EV 106.9 MPH)
Batting: LHB Stavian Adjeng 0-0: Fly out, F9 (Line Drive, 89M, EV 88.8 MPH)
Batting: SHB Blake Humphrey 0-0: Swinging Strike
0-1: Ball
1-1: Foul Ball, location: 2F
1-2: Ball
2-2: Fly out, F7 (Line Drive, 7, EV 88.8 MPH)
Top of the 8th over - 0 runs, 1 hit, 0 errors, 1 left on base; Calgary 2 - Bar Harbor 5
BOTTOM OF THE 8TH
Bar Harbor Islanders batting - Pitching for Calgary Cowboys : RHP Skye Hanusek
Pitching: RHP Oscar Evans
Now at 2B: Steve Palavandishvili
Batting: RHB Andy Mandeville 0-0: Ball
1-0: Foul Ball, location: 2F
1-1: Ball
2-1: Swinging Strike
2-2: Strikes out swinging
Batting: RHB Gaven Robinson 0-0: Ball
1-0: Foul Ball, location: 2F
1-1: Ball
2-1: SINGLE (Groundball, 34D, EV 107.5 MPH)
Batting: RHB Tim McClure 0-0: Hit by Pitch
Gaven Robinson to second
Batting: RHB Jaxon King 0-0: Ball
1-0: Called Strike
1-1: Foul Ball, location: 2F
1-2: Ball
2-2: Grounds into double play, 5-4-3 (Groundball, 56, EV 93.1 MPH)
Bottom of the 8th over - 0 runs, 1 hit, 0 errors, 1 left on base; Calgary 2 - Bar Harbor 5
TOP OF THE 9TH
Calgary Cowboys batting - Pitching for Bar Harbor Islanders : RHP Ryan Callen
Pitching: RHP Jared Bedard
Batting: LHB Cole Tester 0-0: Foul Ball, location: 2F
0-1: Ball
1-1: Swinging Strike
1-2: Strikes out swinging
Batting: RHB Trent Gianopulos 0-0: Ball
1-0: Called Strike
1-1: Ball
2-1: Swinging Strike
2-2: Fly out, F9 (Flyball, 9LS, EV 97.5 MPH)
Batting: RHB Larry Blachowicz 0-0: Called Strike
0-1: Ball
1-1: Foul Ball, location: 2F
1-2: Ball
2-2: Strikes out swinging
Top of the 9th over - 0 runs, 0 hits, 0 errors, 0 left on base; Calgary 2 - Bar Harbor 5
Saturday, April 27th , 2024 - OOTP Baseball 23.10 Build 110